 Dungeon Crawl Stone Soup version 0.22.1-1-ga44c0e5 (webtiles) character file.

67 Folque the Magician (level 4, 0/29 HPs)
             Began as an Octopode Wizard on Oct 2, 2018.
             Succumbed to an adder's poison
             ... on level 2 of the Dungeon.
             The game lasted 00:05:21 (1711 turns).

Folque the Magician (Octopode Wizard)               Turns: 1711, Time: 00:05:22

Health: 0/29       AC:  1    Str:  6    XL:     4   Next: 16%
Magic:  1/9        EV: 13    Int: 21    God:
Gold:   93         SH:  0    Dex: 10    Spells: 1/9 levels left

rFire    . . .     SeeInvis .   f - +0 short sword
rCold    . . .     Gourm    .   (no shield)
rNeg     . . .     Faith    .   a - +0 hat
rPois    .         Spirit   .   (no amulet)
rElec    .         Reflect  .   e - ring of wizardry
rCorr    .         Harm     .   (no ring)
MR       .....                  (no ring)
Stlth    +++.......             (no ring)
HPRegen  0.09/turn              (no ring)
MPRegen  0.11/turn              (no ring)
                                (no ring)
                                (no ring)

@: lethally poisoned (0 -> -3)
A: almost no armour, stealthy swim, amphibious, 8 rings, constrict 8, camouflage
1, gelatinous body 1
a: no special abilities


You were on level 2 of the Dungeon.
You were not hungry.

You visited 1 branch of the dungeon, and saw 2 of its levels.

You collected 93 gold pieces.

Inventory:

Hand Weapons
 f - a +0 short sword (weapon)
 l - a +2 short sword of speed
Armour
 a - a +0 hat (worn)
Jewellery
 e - a ring of wizardry (left tentacle)
Scrolls
 b - 2 scrolls of teleportation
 d - a scroll of identify
 h - a scroll of fear {unknown}
 k - 2 scrolls of remove curse
 m - a scroll of amnesia {unknown}
Comestibles
 c - 3 rations


   Skills:
 - Level 2.0 Fighting
 - Level 2.0 Dodging
 - Level 2.6 Stealth
 + Level 3.4 Spellcasting
 - Level 2.1 Conjurations
 - Level 1.0 Summonings
 - Level 1.0 Translocations
 * Level 0.5 Air Magic
 + Level 1.1 Poison Magic


You had one spell level left.
You knew the following spells:

 Your Spells              Type           Power        Failure   Level  Hunger
a - Magic Dart            Conj           ##..         2%          1    None
b - Call Imp              Summ           #.......     5%          2    ##.....
c - Blink                 Tloc           N/A          5%          2    ##.....
d - Mephitic Cloud        Conj/Pois/Air  #.......     9%          3    ###....

Your spell library contained the following spells:

 Spells                   Type           Power        Failure   Level  Hunger
 Slow                     Hex            #.......     8%          2    ##.....
 Conjure Flame            Conj/Fire      #.......     11%         3    ###....


Dungeon Overview and Level Annotations

Branches:
Dungeon (2/15)

Altars:


Innate Abilities, Weirdness & Mutations

You cannot wear most types of armour.
You are very stealthy in the water. (Stealth+)
You are amphibious.
You can wear up to eight rings at the same time.
You can use your tentacles to constrict eight enemies at once.
Your skin changes colour to match your surroundings (Stealth+).
Your rubbery body absorbs attacks. (AC +1, EV +1)


Message History

You are poisoned.
The adder poisons you!
Your crimson imp closely misses the adder.
* * * LOW HITPOINT WARNING * * *
You feel sick.
You hit the adder but do no damage. Your grab misses the adder.
The adder is severely wounded.
The adder misses you. The adder bites you.
* * * LOW HITPOINT WARNING * * *
You aren't carrying any potions.
You closely miss the adder. You grab the adder.
The adder is severely wounded.
You constrict the adder. The adder barely misses you.
Your crimson imp hits the adder but does no damage.
You barely miss the adder.
You squeeze the adder, but do no damage.
The adder is severely wounded.
You constrict the adder.
You kill the adder!
You die...

####.##<#...# ####
####...) #.§^#.#
>..#####....#####.....#
..................>.###
.......)†...#######.###
....###).#.## #5..#
....# #....# ######.#
....# ##.### #..55..#
....# #.#######@######
....# #<......#.##
....####.#####....#
.....##...........#
.....##..#######..#
###...#..##.......###
#.#.#..##.........#
#.#.#..##########.#
#.#.#..# #..5..§.#


You could see a friendly crimson imp and a friendly white imp.

Vanquished Creatures
  2 adders (D:2)
  2 dart slugs
  3 leopard geckos
  3 hobgoblins
  4 bats
  5 goblins
  3 kobolds
  3 rats (D:2)
25 creatures vanquished.

Vanquished Creatures (collateral kills)
  2 adders (D:2)
  A worm (D:2)
  2 bats (D:2)
  A goblin (D:2)
  A kobold (D:2)
  A rat (D:2)
8 creatures vanquished.

Grand Total: 33 creatures vanquished

Notes
Turn   | Place    | Note
-------+----------+-------------------------------------------
     0 | D:1      | Folque the Octopode Wizard began the quest for the Orb.
     0 | D:1      | Reached XP level 1. HP: 11/11 MP: 4/4
   495 | D:1      | Reached skill level 1 in Fighting
   495 | D:1      | Reached XP level 2. HP: 18/18 MP: 6/6
   529 | D:1      | Learned a level 2 spell: Call Imp
   533 | D:1      | Learned a level 2 spell: Blink
   805 | D:2      | Reached XP level 3. HP: 19/23 MP: 0/7
  1188 | D:2      | Learned a level 3 spell: Mephitic Cloud
  1612 | D:2      | Reached skill level 1 in Poison Magic
  1645 | D:2      | Reached XP level 4. HP: 3/29 MP: 2/9
  1709 | D:2      | HP: 1/29 [adder (3)]
  1711 | D:2      | Succumbed to an adder's poison

Skill      XL: |  1  2  3 |
---------------+----------+-----
Fighting       | 1 2 |  2.0
Conjurations   | 2 |  2.1
Poison Magic   | 1 |  1.1
Dodging        | |  2.0
Stealth        | |  2.6
Spellcasting   | |  3.4
Summonings     | |  1.0
Translocations | |  1.0
Air Magic      | |  0.5

Action                   |  1- 3 |  4- 6 || total
-------------------------+-------+-------++-------
Melee: Short sword       |    57 |     3 ||    60
       Unarmed           |     6 |       ||     6
       Constrict         |    18 |     1 ||    19
       Tentacles         |     8 |     1 ||     9
 Cast: Magic Dart        |     8 |     3 ||    11
       Call Imp          |    10 |     2 ||    12
       Blink             |     2 |     1 ||     3
  Use: Scroll            |     4 |     1 ||     5
       Potion            |     2 |       ||     2
 Stab: Sleeping          |     3 |       ||     3
  Eat: Chunk             |     2 |     1 ||     3
Armor: Skin              |    13 |       ||    13
Dodge: Dodged            |    49 |     7 ||    56
